 Dungeon Crawl Stone Soup version 0.30-a0-862-g1aabd4f9c5 (webtiles) character file.

Game seed: 17738301513034545261

147 cforsyth the Magician (level 5, -5/28 HPs)
             Began as a Deep Elf Earth Elementalist on Mar 8, 2023.
             Slain by Terence
             ... wielding a +0 trident
              (12 damage)
             ... on level 2 of the Dungeon.
             The game lasted 00:02:59 (1628 turns).

cforsyth the Magician (Deep Elf Earth Elementalist) Turns: 1628, Time: 00:02:59

Health: -5/28      AC:  2    Str:  5    XL:     5   Next: 7%
Magic:  10/14      EV: 12    Int: 22    God:
Gold:   51         SH:  0    Dex: 15    Spells: 13/14 levels left

rFire   . . .      SeeInvis .    (no weapon)
rCold   . . .      Faith    .    (no shield)
rNeg    . . .      Spirit   .    a - +0 robe
rPois   .          Reflect  .    (no helmet)
rElec   .          Rampage  .    (no cloak)
rCorr   .                        (no gloves)
Will    .....                    (no boots)
Stlth   ++                       (no amulet)
HPRegen 0.24/turn                (no ring)
MPRegen 0.14/turn                (no ring)

@: no status effects
A: no striking features
a: no special abilities


You were on level 2 of the Dungeon.
You visited 1 branch of the dungeon, and saw 2 of its levels.

You collected 51 gold pieces.

Inventory:

Armour
 a - a +0 robe (worn)
Scrolls
 d - a scroll of teleportation {unknown}
 e - 3 scrolls of identify {unknown}
 f - a scroll of amnesia {unknown}
 g - a scroll of enchant armour {unknown}
 h - a scroll of butterflies {unknown}
 i - a scroll of magic mapping {unknown}
Potions
 b - a potion of magic
 c - a potion of brilliance {unknown}
 j - a potion of mutation {unknown}
 k - a potion of curing {unknown}


   Skills:
 - Level 2.4 Dodging
 - Level 2.4 Stealth
 + Level 5.4 Spellcasting
 - Level 1.1 Transmutations
 + Level 5.0 Earth Magic


You had 13 spell levels left.
You knew the following spells:

 Your Spells              Type           Power      Damage    Failure   Level
a - Sandblast             Erth           56%        2d13      1%          1

Your spell library contained the following spells:

 Spells                   Type           Power      Damage    Failure   Level
 Passwall                 Tmut/Erth      15%        N/A       4%          2
 Magic Dart               Conj           24%        1d4       10%         1
 Stone Arrow              Conj/Erth      34%        3d9       11%         3
 Call Imp                 Summ           6%         N/A       14%         2
 Petrify                  Tmut/Erth      19%        N/A       26%         4
 Mephitic Cloud           Conj/Pois/Air  6%         N/A       28%         3


Dungeon Overview and Level Annotations

Branches:
Dungeon (2/15)

Altars:

Annotations:
D:2 Terence


Message History

An adder is nearby!
A worm comes into view.
Found an orange potion.
You can't see any susceptible monsters within range! (Use Z to cast anyway.)
Found a scroll labelled DEUNETT GUNEH.
The blast of sand hits the worm.
The worm is moderately wounded.
The adder hisses angrily.
The blast of sand hits the worm!
The worm is severely wounded.
The blast of sand hits the adder!!
You kill the adder!
You have reached level 5!
The blast of sand hits the worm!
You kill the worm!
You can't see any susceptible monsters within range! (Use Z to cast anyway.)
You can't see any susceptible monsters within range! (Use Z to cast anyway.) Terence is nearby!
Terence is nearby!
The blast of sand hits Terence.
Terence is lightly wounded.
Terence shouts!
Terence closely misses you.
The blast of sand hits Terence!
Terence is heavily wounded.
Terence hits you from afar with a +0 trident.
The blast of sand hits Terence!
Terence is almost dead.
Terence hits you from afar with a +0 trident! x2
* * * LOW HITPOINT WARNING * * *
You are too injured to fight recklessly!
Casting: Sandblast (safe; 1% risk of failure)
Confirm with . or Enter, or press ? or * to list all spells.
Aiming: Sandblast (safe; 1% risk of failure)
Press: ? - help, Shift-Dir - straight line, f/p - Terence
Aim: Terence, wielding a +0 trident and wearing a +0 chain mail (almost dead, 87% to hit)
The blast of sand hits Terence but does no damage.
Terence is almost dead.
Terence hits you from afar with a +0 trident!
You die...

.# #######..#.#.#.#.#.
.# #..#.........
#..###.###.## ########
#..#P..._....
......)###..###.###.##
#...†..#..P...P..
#@.##..#.#.#.#.#.
.?######..##..#..P..)...
......†@..##..###.###.##
.........###..#.....)...
.###.##....>..........†.
# #..######...###..#
#..# ##. ...... ...# #
#.##### #!.# # #..#


You could see Terence.

Vanquished Creatures
  Jessica (D:2)
  Natasha (D:2)
  3 adders (D:2)
  A worm (D:2)
  4 endoplasms
  5 giant cockroaches (D:1)
  5 hobgoblins
  12 jackals
  3 quokkas (D:1)
  6 ball pythons
  3 bats (D:1)
  2 frilled lizards
  7 goblins
  2 kobolds
  4 rats (D:1)
59 creatures vanquished.

Vanquished Creatures (others)
  5 fungi (D:2)
  3 plants (D:2)
8 creatures vanquished.

Grand Total: 67 creatures vanquished

Notes
Turn   | Place    | Note
-------+----------+-------------------------------------------
     0 | D:1      | cforsyth the Deep Elf Earth Elementalist began the quest
                  | for the Orb.
     0 | D:1      | Reached XP level 1. HP: 10/10 MP: 6/6
   191 | D:1      | Reached XP level 2. HP: 15/15 MP: 5/8
   517 | D:1      | Reached XP level 3. HP: 19/19 MP: 8/10
  1144 | D:2      | Reached XP level 4. HP: 24/24 MP: 9/12
  1205 | D:2      | Noticed Terence
  1502 | D:2      | Noticed Jessica
  1504 | D:2      | Killed Jessica
  1505 | D:2      | Reached skill level 5 in Spellcasting
  1524 | D:2      | Found a faded altar of an unknown god.
  1575 | D:2      | Noticed Natasha
  1577 | D:2      | Killed Natasha
  1578 | D:2      | Reached skill level 5 in Earth Magic
  1600 | D:2      | Reached XP level 5. HP: 28/28 MP: 10/14
  1628 | D:2      | Slain by Terence

Illustrated notes

Levels and vault maps discovered:
D:1:      lemuel_arrival_room, layout_rooms, nicolae_kite_square_tiling_tiny,
          chequers_serial_rivers_small_b, minmay_splitting_lines
D:2:      layout_loops_ring, shapermc_ecumenical_altar_mp_urbaneastern,
          uniq_terence, uniq_natasha, uniq_jessica

Skill      XL: |  1  2  3  4 |
---------------+-------------+-----
Spellcasting   | 4 5 |  5.4
Earth Magic    | 4 5 |  5.0
Dodging        | |  2.4
Stealth        | |  2.4
Transmutations | |  1.1

Action                     |  1- 3 |  4- 6 || total
---------------------------+-------+-------++-------
  Melee: Unarmed           |     3 |       ||     3
   Cast: Sandblast         |    54 |    29 ||    83
  Dodge: Dodged            |    14 |     8 ||    22

Table legend: (Time is in decaauts)
 A = Elapsed time spent in this place.
 B = Non-inter-level travel time spent in this place.
 C = Inter-level travel time spent in this place.
 D = Time resting spent in this place.
 E = Time spent auto-exploring this place.
 F = Levels seen in this place.
 G = Mean time per level.
                   A        B        C        D        E       F      G
               +--------+--------+--------+--------+--------+-----+--------+
         Total |   1673 |   1654 |     19 |    182 |   1169 |   2 |  836.5 |
       Dungeon |   1673 |   1654 |     19 |    182 |   1169 |   2 |  836.5 |
               +--------+--------+--------+--------+--------+-----+--------+

Top non-repeatable levels by time:
     D:1: 1103 daAuts
     D:2: 569 daAuts
